% Time on Ice - SAN FRANCISCO SPIDERS
Lines # - Real PCT - Wanted PCT - Time Play
Normal Forward
1 - 21% - 25% - 11:30
2 - 30% - 25% - 16:49
3 - 30% - 25% - 16:38
4 - 20% - 25% - 10:57
Normal Defense
1 - 32% - 30% - 18:04
2 - 30% - 30% - 16:48
3 - 32% - 30% - 17:57
4 - 6% - 10% - 3:05
PP Forward
1 - 0% - 55%
2 - 0% - 45%
PP Defense
1 - 0% - 55%
2 - 0% - 45%
PK Forward
1 - 76% - 55% - 3:06
2 - 24% - 45% - 1:00
PK Defense
1 - 70% - 55% - 2:51
2 - 30% - 45% - 1:15
PK3 Forward
1 - 0% - 55%
2 - 0% - 45%
PK3 Defense
1 - 0% - 55%
2 - 0% - 45%
44 Forward
1 - 0% - 55%
2 - 0% - 45%
44 Defense
1 - 0% - 55%
2 - 0% - 45%
Last Minute Offensive  - 0:00
Last Minute Defensive  - 0:00
Total
Forward - 60:00
Defense - 60:00
% Time on Ice - BOISE CARIBOUS
Lines # - Real PCT - Wanted PCT - Time Play
Normal Forward
1 - 26% - 26% - 14:31
2 - 25% - 25% - 14:07
3 - 26% - 25% - 14:30
4 - 23% - 24% - 12:46
Normal Defense
1 - 35% - 34% - 19:35
2 - 32% - 33% - 17:43
3 - 27% - 26% - 14:49
4 - 7% - 7% - 3:47
PP Forward
1 - 52% - 55% - 2:08
2 - 48% - 45% - 1:58
PP Defense
1 - 62% - 55% - 2:32
2 - 38% - 45% - 1:34
PK Forward
1 - 0% - 60%
2 - 0% - 40%
PK Defense
1 - 0% - 51%
2 - 0% - 49%
PK3 Forward
1 - 0% - 55%
2 - 0% - 45%
PK3 Defense
1 - 0% - 55%
2 - 0% - 45%
44 Forward
1 - 0% - 55%
2 - 0% - 45%
44 Defense
1 - 0% - 55%
2 - 0% - 45%
Last Minute Offensive  - 0:00
Last Minute Defensive  - 0:00
Total
Forward - 60:00
Defense - 60:00
Play-by-Play 1st period 0:01 of 1st period - Radek Faksa wins face-off versus Ryan Getzlaf in neutral zone. 0:13 of 1st period - Shot by Radek Faksa. 0:13 of 1st period - Shot Blocked by Calle Jarnkrok. 1:21 of 1st period - Shot by Dominik Simon. 1:21 of 1st period - Shot Misses the Net. 1:45 of 1st period - Shot by Gabriel Bourque. 1:45 of 1st period - Stopped by Andrew Hammond without a rebound. 1:46 of 1st period - Kyle Turris wins face-off versus Matt Hendricks in BOISE CARIBOUS zone. 1:46 of 1st period - Kyle Turris is hit by Matt Hendricks. 3:11 of 1st period - Off-side. 3:12 of 1st period - Danton Heinen wins face-off versus Jesperi Kotkaniemi in neutral zone. 3:14 of 1st period - Off-side. 3:15 of 1st period - Jesperi Kotkaniemi wins face-off versus Ryan Getzlaf in neutral zone. 3:17 of 1st period - Brian Boyle is hit by Tyler Wotherspoon and loses puck. 3:35 of 1st period - Ryan Getzlaf is hit by Jarred Tinordi and loses puck. 4:28 of 1st period - Shot by Danton Heinen. 4:28 of 1st period - Shot Blocked by Jarred Tinordi. 4:30 of 1st period - Shot by Danton Heinen. 4:30 of 1st period - Stopped by Andrew Hammond with a rebound. 4:32 of 1st period - Shot by Dominik Simon. 4:32 of 1st period - Deflect By Danton Heinen. 4:32 of 1st period - Stopped by Andrew Hammond with a rebound. 4:34 of 1st period - Shot by Danton Heinen. 4:34 of 1st period - Stopped by Andrew Hammond with a rebound. 4:36 of 1st period - Shot by Dominik Simon. 4:36 of 1st period - Shot Misses the Net. 5:42 of 1st period - Icing by Ryan Getzlaf. 5:43 of 1st period - Kyle Turris wins face-off versus Matt Hendricks in SAN FRANCISCO SPIDERS zone. 5:48 of 1st period - Shot by Lawson Crouse. 5:48 of 1st period - Stopped by Atte Tolvanen without a rebound. 5:49 of 1st period - Melker Karlsson wins face-off versus Ryan Getzlaf in SAN FRANCISCO SPIDERS zone. 6:01 of 1st period - Off-side. 6:02 of 1st period - Matt Hendricks wins face-off versus Radek Faksa in neutral zone. 6:23 of 1st period - Shot by Thomas Vanek. 6:23 of 1st period - Stopped by Atte Tolvanen without a rebound. 6:24 of 1st period - Kyle Turris wins face-off versus Danton Heinen in SAN FRANCISCO SPIDERS zone. 6:42 of 1st period - Minor Penalty to David Sklenicka for Holding. 6:43 of 1st period - Kyle Turris wins face-off versus Ryan Getzlaf in SAN FRANCISCO SPIDERS zone. 6:50 of 1st period - Shot by Thomas Vanek. 6:50 of 1st period - Goal by Thomas Vanek - SAN FRANCISCO SPIDERS : 0 - BOISE CARIBOUS : 1. 6:51 of 1st period - Matt Hendricks wins face-off versus Radek Faksa in neutral zone. 7:24 of 1st period - Shot by Radek Faksa. 7:24 of 1st period - Stopped by Atte Tolvanen with a rebound. 7:26 of 1st period - Shot by Greg Pateryn. 7:26 of 1st period - Stopped by Atte Tolvanen without a rebound. 7:27 of 1st period - Tomas Plekanec wins face-off versus T.J. Tynan in SAN FRANCISCO SPIDERS zone. 7:27 of 1st period - Tomas Plekanec is hit by Ryan Lohin. 7:46 of 1st period - Darren Helm is hit by Mark Alt and loses puck. 7:55 of 1st period - Shot by T.J. Tynan. 7:55 of 1st period - Stopped by Atte Tolvanen without a rebound. 7:56 of 1st period - Ryan Getzlaf wins face-off versus Kyle Turris in SAN FRANCISCO SPIDERS zone. 8:41 of 1st period - Josh Leivo is hit by Nick Leddy and loses puck. 9:23 of 1st period - Danton Heinen is hit by Zach Redmond and loses puck. 9:38 of 1st period - Danton Heinen is hit by Zach Redmond and loses puck. 11:07 of 1st period - Shot by Brian Boyle. 11:07 of 1st period - Shot Blocked by Ryan Getzlaf. 11:15 of 1st period - Shot by Jesperi Kotkaniemi. 11:15 of 1st period - Shot Blocked by Matt Hendricks. 13:52 of 1st period - Icing by Niko Mikkola. 13:53 of 1st period - Brian Boyle wins face-off versus Danton Heinen in SAN FRANCISCO SPIDERS zone. 14:51 of 1st period - Off-side. 14:52 of 1st period - Kyle Turris wins face-off versus Tomas Plekanec in neutral zone. 15:17 of 1st period - Shot by Kyle Turris. 15:17 of 1st period - Stopped by Atte Tolvanen without a rebound. 15:18 of 1st period - Ryan Getzlaf wins face-off versus T.J. Tynan in SAN FRANCISCO SPIDERS zone. 15:36 of 1st period - Icing by Ryan Getzlaf. 15:37 of 1st period - Matt Hendricks wins face-off versus Kyle Turris in SAN FRANCISCO SPIDERS zone. 15:39 of 1st period - Icing by Alexander Kerfoot. 15:40 of 1st period - Ryan Getzlaf wins face-off versus Kyle Turris in SAN FRANCISCO SPIDERS zone. 16:26 of 1st period - Nick Leddy is hit by Matt Hendricks and loses puck. 16:55 of 1st period - Shot by Andrei Svechnikov. 16:55 of 1st period - Shot Misses the Net. 17:09 of 1st period - Shot by Andre Burakovsky. 17:09 of 1st period - Shot Misses the Net. 17:11 of 1st period - Shot by Radek Faksa. 17:11 of 1st period - Stopped by Atte Tolvanen without a rebound. 17:12 of 1st period - T.J. Tynan wins face-off versus Danton Heinen in SAN FRANCISCO SPIDERS zone. 17:57 of 1st period -